 Dungeon Crawl Stone Soup version 0.23.1 (webtiles) character file.

Game seed: 10208814001258978400

84 nikopol the Chopper (level 4, -8/41 HPs)
             Began as a Minotaur Berserker on Mar 5, 2019.
             Was a Believer of Trog.
             Mangled by Sigmund
             ... wielding a +0 scythe of protection
              (12 damage)
             ... on level 2 of the Dungeon.
             The game lasted 00:02:17 (1398 turns).

nikopol the Chopper (Minotaur Berserker)            Turns: 1398, Time: 00:02:18

Health: -8/41      AC:  5    Str: 23    XL:     4   Next: 23%
Magic:  3/3        EV: 12    Int:  4    God:    Trog [**....]
Gold:   62         SH:  0    Dex:  9    Spells: 3/3 levels left

rFire    . . .     SeeInvis .   a - +0 hand axe
rCold    . . .     Gourm    .   (no shield)
rNeg     . . .     Faith    .   j - +0 ring mail
rPois    .         Spirit   .   (helmet restricted)
rElec    .         Reflect  .   (no cloak)
rCorr    .         Harm     .   (no gloves)
MR       .....                  (no boots)
Stlth    ..........             (no amulet)
HPRegen  0.13/turn              (no ring)
MPRegen  0.08/turn              (no ring)

@: confused, berserk cooldown, slowed, very slow
A: retaliatory headbutt, horns 2
a: Berserk, Trog's Hand, Renounce Religion


You were on level 2 of the Dungeon.
You worshipped Trog.
Trog was pleased with you.
You were hungry.

You visited 1 branch of the dungeon, and saw 2 of its levels.

You collected 62 gold pieces.

Inventory:

Hand Weapons
 a - a +0 hand axe (weapon)
Missiles
 f - a bolt
 k - 27 arrows
Armour
 b - a +0 animal skin
 j - a +0 ring mail (worn)
Jewellery
 o - an uncursed amulet of the acrobat {unknown}
 p - an uncursed ring of positive energy {unknown}
 u - a +2 amulet of reflection {unknown}
Scrolls
 d - 2 scrolls of amnesia {unknown}
 e - 7 scrolls of teleportation {unknown}
 g - 3 scrolls of remove curse {unknown}
 h - a scroll of magic mapping {unknown}
 i - a scroll of blinking {unknown}
 q - a scroll of enchant weapon {unknown}
 r - a scroll of identify {unknown}
Potions
 l - 2 potions of heal wounds {unknown}
 m - a potion of flight {unknown}
 n - 2 potions of might {unknown}
 s - 2 potions of resistance {unknown}
 t - 2 potions of degeneration {unknown}
Comestibles
 c - 3 rations


   Skills:
 + Level 4.7 Fighting
 + Level 4.7 Axes
 + Level 2.8 Armour
 + Level 2.8 Dodging


You had 3 spell levels left.
You didn't know any spells.
Your spell library was empty.

Dungeon Overview and Level Annotations

Branches:
Dungeon (2/15)

Altars:
Ashenzari

Annotations:
D:2 Sigmund


Innate Abilities, Weirdness & Mutations

You reflexively headbutt those who attack you in melee.
You have a pair of horns on your head.


Message History

You closely miss Sigmund.
Sigmund is lightly wounded.
Sigmund hits you with a +0 scythe of protection!
You hit Sigmund but do no damage.
Sigmund is lightly wounded.
Sigmund casts a spell at you. The puff of flame hits you.
Sigmund hits you with a +0 scythe of protection.
Sigmund casts a spell at you.
You are more confused.
You bump into the rock wall.
Sigmund hits you from afar with a +0 scythe of protection!
Sigmund closely misses you.
Sigmund casts a spell.
Sigmund flickers and vanishes!
Deactivating autopickup; reactivate with Ctrl-A.
You're too confused to move!
Something hits you!
* * * LOW HITPOINT WARNING * * *
You miss something. Your headbutt misses something. Something hits you!
You die...

#######.######.#..
..#####.######..#.
#.#...........#...
#.#.###.##..#...#.
#.#.......#...#...
#.#...#†....#...#.
#.#.......#...#...
#{#.###.....#...#.
#@#.# #...#...#...
#.#.# #>....#...#.
#.#.###...#...#...
#.#.##...#..#...#.
#.#......#....#...
#.#<.....###....#.
##.##########......
#<..........'......
#############.....#


There were no monsters in sight!

Vanquished Creatures
  Terence (D:2)
  2 adders (D:2)
  A worm (D:2)
  3 bats
  2 giant cockroaches
  5 goblins
  6 hobgoblins
  3 jackals (D:2)
  5 kobolds (D:1)
  4 frilled lizards
  4 rats
36 creatures vanquished.

Notes
Turn   | Place    | Note
-------+----------+-------------------------------------------
     0 | D:1      | nikopol the Minotaur Berserker began the quest for the Orb.
     0 | D:1      | Reached XP level 1. HP: 19/19 MP: 0/0
   100 | D:1      | Reached XP level 2. HP: 24/27 MP: 1/1
   612 | D:2      | Found a shattered altar of Ashenzari.
   646 | D:2      | Reached ** piety under Trog
   661 | D:2      | Noticed Terence
   667 | D:2      | Killed Terence
   667 | D:2      | Reached XP level 3. HP: 34/34 MP: 2/2
   907 | D:2      | Reached XP level 4. HP: 12/41 MP: 3/3
  1380 | D:2      | Noticed Sigmund
  1398 | D:2      | Mangled by Sigmund

Skill      XL: |  1  2 |
---------------+-------+-----
Fighting       | 4 |  4.7
Axes           | 4 |  4.7
Armour         | |  2.8
Dodging        | |  2.8

Action                   |  1- 3 |  4- 6 || total
-------------------------+-------+-------++-------
Melee: Hand axe          |    60 |    18 ||    78
       Headbutt          |    10 |     2 ||    12
Invok: Berserk           |     1 |     1 ||     2
  Eat: Chunk             |     1 |     2 ||     3
Armor: Animal skin       |     7 |       ||     7
       Ring mail         |     8 |     1 ||     9
Dodge: Dodged            |    36 |     9 ||    45
